 Dungeon Crawl Stone Soup version 0.24-a0-290-gbb66a67 (webtiles) character file.

Game seed: 10617694211816330223

2061 Qwix the Archer (level 9, -1/72 HPs)
             Began as a Centaur Hunter on May 8, 2019.
             Was a Believer of Okawaru.
             Slain by an orc warrior
             ... wielding a +0 long sword
              (6 damage)
             ... on level 8 of the Dungeon.
             The game lasted 00:17:52 (7608 turns).

Qwix the Archer (Centaur Hunter)                    Turns: 7608, Time: 00:17:53

Health: -1/72      AC: 11    Str: 27    XL:     9   Next: 5%
Magic:  11/11      EV:  8    Int: 10    God:    Okawaru [**....]
Gold:   332        SH:  0    Dex:  9    Spells: 8/8 levels left

rFire    . . .     SeeInvis .   b - +0 trident
rCold    . . .     Gourm    .   (no shield)
rNeg     . . .     Faith    .   s - +1 scale mail of Zewn {*Contam rPois rCorr Str+4} (curse)
rPois    +         Spirit   .   (no helmet)
rElec    .         Reflect  .   E - +1 cloak
rCorr    +         Harm     .   p - +0 pair of gloves
MR       .....                  (no barding)
Stlth    ..........             k - amulet of magic regeneration
HPRegen  0.22/turn              H - +4 ring of strength
MPRegen  0.37/turn              x - ring of flight

@: very quick
A: large, hooves 3, deformed body, speed 2, tough skin 3
a: Heroism, Renounce Religion, Evoke Flight


You were on level 8 of the Dungeon.
You worshipped Okawaru.
Okawaru was pleased with you.
You were not hungry.

You visited 2 branches of the dungeon, and saw 9 of its levels.

You collected 521 gold pieces.
You spent 189 gold pieces at shops.

Inventory:

Hand Weapons
 a - a +1 shortbow
 b - a +0 trident (weapon)
 v - a +1 mace of draining
 D - a +0 short sword
Missiles
 d - 103 arrows
Armour
 c - a +0 leather armour
 g - a +0 ring mail
 o - a +4 chain mail
 p - a +0 pair of gloves (worn)
 s - the cursed +1 scale mail of Zewn (worn) {*Contam rPois rCorr Str+4}
   (You bought it in a shop on level 7 of the Dungeon)

   It affects your strength (+4).
   It protects you from poison.
   It causes magical contamination when unequipped.
   It provides partial protection from all sources of acid and corrosion.
   It has a curse placed upon it.
 y - a +0 plate armour
 E - a +1 cloak (worn)
Jewellery
 k - an amulet of magic regeneration (around neck)
 x - a ring of flight (right hand)
 H - a +4 ring of strength (left hand)
Wands
 n - a wand of flame (11)
 B - a wand of random effects (25)
Scrolls
 e - 10 scrolls of remove curse
 h - 3 scrolls of magic mapping
 i - a scroll of blinking {unknown}
 t - a scroll of enchant weapon {unknown}
 w - 4 scrolls of teleportation
 z - a scroll of silence {unknown}
 J - a scroll of acquirement {unknown}
 K - a scroll of amnesia {unknown}
Potions
 l - 5 potions of heal wounds
 m - 2 potions of agility
 q - a potion of haste
 r - a potion of curing {unknown}
 u - a potion of brilliance {unknown}
 A - a potion of degeneration {unknown}
 C - a potion of magic {unknown}
 F - 2 potions of lignification
 G - a potion of berserk rage {unknown}
 I - a potion of resistance {unknown}
Comestibles
 f - 15 rations
 j - 2 chunks of flesh


   Skills:
 + Level 4.5 Fighting
 - Level 1.0 Short Blades
 * Level 3.2 Polearms
 * Level 11.4 Bows
 * Level 4.3 Armour
 - Level 1.3 Dodging
 - Level 0.4 Stealth
 * Level 2.7 Invocations


You had 8 spell levels left.
You didn't know any spells.
Your spell library contained the following spells:

 Spells                   Type           Power        Failure   Level  Hunger
 Summon Small Mammal      Summ           #...         63%         1    ##.....
 Call Imp                 Summ           #.......     77%         2    ###....
 Call Canine Familiar     Summ           #.......     94%         3    ####...
 Summon Guardian Golem    Hex/Summ       #.......     94%         3    ####...
 Summon Ice Beast         Ice/Summ       #.......     100%        4    #####..
 Summon Lightning Spire   Summ/Air       #.......     100%        4    #####..


Dungeon Overview and Level Annotations

Branches:
Dungeon (8/15)             Temple (1/1) D:4
   Lair: D:8-11

Altars:
Ashenzari
Cheibriados
Elyvilon
Fedhas
Gozag
Hepliaklqana
Kikubaaqudgha
Makhleb
Nemelex Xobeh
Okawaru
Qazlal
Ru
Sif Muna
Trog
Uskayaw
Vehumet
Wu Jian
Xom
Yredelemnul
Zin
The Shining One

Shops:
D:7 ([

Annotations:
D:2 exclusion: downstairs
D:5 exclusion: upstairs


Innate Abilities, Weirdness & Mutations

You have hooves in place of feet.
Armour fits poorly on your strangely shaped body.
You cover ground very quickly.
You have extremely tough skin. (AC +3)


Message History

You are too injured to fight recklessly!
You are too injured to fight recklessly!
You are too injured to fight recklessly!
You are too injured to fight recklessly!
You are too injured to fight recklessly!
You are too injured to fight recklessly!
You closely miss the orc warrior. Your kick misses the orc warrior.
The orc warrior is almost dead.
The orc warrior hits you with a +0 long sword!
* * * LOW HITPOINT WARNING * * *
You hit the orc warrior.
You kick the orc warrior, but do no damage.
The orc warrior is almost dead.
The orc warrior hits you with a +0 long sword!
* * * LOW HITPOINT WARNING * * *
Your scale mail of Zewn prevents you from hitting the orc warrior.
Your kick misses the orc warrior.
The orc warrior is almost dead.
The orc warrior hits you with a +0 long sword.
You die...

#...... #.....#
#..... ###....
#..... #.. #.#.. #.#
#.#o#+# ... #.#o#.#
#.# ########.#@#.###
#.#
.......รท.>.....#
#.# .......#.#.#...#
#.#
########.#+#...#+#.#
..................#
########..........#
#..........#.#
#..........#.#
#..........#.#


You could see an orc warrior and an orc wizard.

Vanquished Creatures
  A manticore (D:7)
  Edmund (D:4)
  An orc warrior (D:5)
  An ice beast (D:7)
  3 centaurs
  2 bullfrogs (D:7)
  3 scorpions
  A water moccasin skeleton (D:7)
  2 howler monkeys
  4 crimson imps
  A hound (D:5)
  A centaur zombie (D:6)
  3 orc priests
  4 iguanas
  4 orc wizards
  3 worker ants
  4 adders
  3 shadow imps
  An ooze (D:2)
  3 worms
  A dart slug (D:2)
  4 leopard geckos
  27 orcs
  5 bats
  7 giant cockroaches
  3 goblins (D:1)
  5 hobgoblins
  9 jackals
  6 quokkas
  3 ball pythons
  2 frilled lizards (D:1)
  A jackal skeleton (D:5)
  6 kobolds
  A leopard gecko skeleton (D:5)
  A leopard gecko zombie (D:7)
  5 rats
132 creatures vanquished.

Notes
Turn   | Place    | Note
-------+----------+-------------------------------------------
     0 | D:1      | Qwix the Centaur Hunter began the quest for the Orb.
     0 | D:1      | Reached XP level 1. HP: 17/17 MP: 1/1
   111 | D:1      | Reached XP level 2. HP: 13/24 MP: 2/2
   348 | D:1      | Reached skill level 6 in Bows
  1465 | D:2      | Reached XP level 3. HP: 29/29 MP: 3/3
  1866 | D:2      | Reached skill level 1 in Armour
  2109 | D:2      | Reached XP level 4. HP: 29/36 MP: 4/4
  2493 | D:3      | Reached skill level 1 in Short Blades
  2614 | D:3      | Found a blossoming altar of Fedhas.
  2813 | D:3      | You fall through a shaft for 3 floors!
  2883 | D:6      | Reached XP level 5. HP: 41/42 MP: 5/5
  2997 | D:6      | Reached skill level 7 in Bows
  3001 | D:6      | Noticed an orc warrior
  3057 | D:5      | Entered Level 5 of the Dungeon
  3342 | D:5      | Reached XP level 6. HP: 39/50 MP: 6/6
  3666 | D:5      | Reached skill level 8 in Bows
  4041 | D:4      | Found a deep blue altar of Sif Muna.
  4209 | D:4      | Reached XP level 7. HP: 36/57 MP: 7/7
  4426 | D:4      | Found a staircase to the Ecumenical Temple.
  4426 | D:4      | Noticed Edmund
  4433 | Temple   | Entered the Ecumenical Temple
  4593 | Temple   | Became a worshipper of Warmaster Okawaru
  4692 | D:4      | Killed Edmund
  4810 | D:4      | Reached skill level 9 in Bows
  5497 | D:4      | Reached * piety under Okawaru
  6419 | D:7      | Found Xerchikula's Antique Armour Boutique.
  6430 | D:7      | Reached skill level 10 in Bows
  6430 | D:7      | Reached XP level 8. HP: 54/66 MP: 8/8
  6463 | D:7      | Bought a brightly glowing scale mail for 189 gold pieces
  6473 | D:7      | Identified the cursed +1 scale mail of Zewn {*Contam rPois
                  | rCorr Str+4} (You bought it in a shop on level 7 of the
                  | Dungeon)
  6540 | D:7      | Noticed a manticore
  6564 | D:7      | Killed a manticore
  6564 | D:7      | Reached skill level 1 in Polearms
  6564 | D:7      | Reached skill level 1 in Invocations
  6613 | D:7      | Found Koibi's Antique Weapon Shoppe.
  6642 | D:7      | Reached ** piety under Okawaru
  6800 | D:7      | Reached skill level 11 in Bows
  6840 | D:7      | Found a basalt altar of Yredelemnul.
  7311 | D:8      | Reached XP level 9. HP: 62/72 MP: 10/10
  7608 | D:8      | Slain by an orc warrior

Levels and vault maps discovered:
D:1:      shiori_arrival_elements, layout_basic, dk_noncrumbling_2,
          grunt_decor_fettered, chequers_decorated_corner
D:2:      layout_loops_corners, st_stairs_5
D:3:      minmay_octagon_keep, layout_rooms, serial_corexii_hall,
          corexii_hall_statues_x, corexii_hall_statues_x,
          chequers_hall_statues_corner_a, fedhas_altar_1, uniq_grinder
D:4:      lemuel_upstairs_altar, layout_basic, minmay_temple_entry_glass,
          uniq_edmund
D:5:      layout_rooms, first_ration
D:6:      layout_basic
D:7:      layout_basic, yredelemnul_altar_generic, serial_shops, shop_fountains,
          shop
D:8:      layout_basic
Temple:   roderic_octagonal_lattice_temple

Skill      XL: |  1  2  3  4  5  6  7  8 |
---------------+-------------------------+-----
Bows           | 6 7 8 10 11 | 11.4
Armour         | 1 2 3 4 |  4.3
Short Blades   | 1 |  1.0
Fighting       | 3 4 |  4.5
Polearms       | 3 |  3.2
Invocations    | 2 |  2.7
Dodging        | |  1.3
Stealth        | |  0.4

Action                   |  1- 3 |  4- 6 |  7- 9 || total
-------------------------+-------+-------+-------++-------
Melee: Short sword       |   139 |    30 |     1 ||   170
       Kick              |    33 |    22 |    38 ||    93
       Mace              |       |    81 |       ||    81
       Trident           |       |       |   172 ||   172
 Fire: Shortbow          |       |    65 |   135 ||   200
Invok: Heroism           |       |       |     1 ||     1
Evoke: Wand              |       |       |     1 ||     1
  Use: Scroll            |       |       |     8 ||     8
  Eat: Chunk             |     3 |     5 |     9 ||    17
Armor: Leather armour    |    24 |       |       ||    24
       Ring mail         |    12 |       |       ||    12
       Chain mail        |    49 |   107 |    75 ||   231
       Scale mail        |       |       |    34 ||    34
Dodge: Dodged            |    54 |    38 |    55 ||   147

Table legend:
 A = Non-vault XP
 B = Vault XP
 C = Vault XP percentage of total XP
 D = Non-vault monster count
 E = Vault monster count
 F = Vault count percentage of total count
                 A         B        C        D         E       F
            +---------+---------+-------+---------+---------+-------
      Total |    2771 |     174 |   5.9 |     129 |       3 |   2.3
            +---------+---------+-------+---------+---------+-------
        D:1 |      37 |       0 |   0.0 |      23 |       0 |   0.0
        D:2 |      53 |      16 |  23.2 |      23 |       2 |   8.0
        D:3 |      70 |       0 |   0.0 |      11 |       0 |   0.0
        D:4 |     399 |     158 |  28.4 |      18 |       1 |   5.3
        D:5 |     520 |       0 |   0.0 |      22 |       0 |   0.0
        D:6 |     144 |       0 |   0.0 |       6 |       0 |   0.0
        D:7 |    1347 |       0 |   0.0 |      13 |       0 |   0.0
        D:8 |     201 |       0 |   0.0 |      13 |       0 |   0.0
            +---------+---------+-------+---------+---------+-------
